 Dungeon Crawl Stone Soup version 0.31-a0-1300-gb6740aa4e6 (webtiles) character file.

Game seed: 16315227176453858377

209665 Lobster4 the Cloud Mage (level 18, -4/106 HPs)
             Began as a Tengu Air Elementalist on Dec 18, 2023.
             Was the Champion of Vehumet.
             Killed from afar by a starcursed mass (8 damage)
             ... with an accursed screaming
             ... on level 3 of the Abyss.
             The game lasted 02:32:19 (47669 turns).

Lobster4 the Cloud Mage (Tengu Air Elementalist)   Turns: 47669, Time: 02:32:19

Health: -4/106     AC: 17    Str:  8      XL:     18   Next: 83%
Magic:  34/41      EV: 32    Int: 23      God:    Vehumet [******]
Gold:   604        SH:  6    Dex: 14 (16) Spells: 3/42 levels left

rFire   x x .        a - staff of air
rCold   x . .        D - +1 buckler {rF+}
rNeg    + . .        p - +5 ring mail of Birdsong {rElec rF- Will+}
rPois   +            U - +1 hat
rElec   +            K - scarf {repulsion}
rCorr   .            Z - +3 pair of gauntlets of War {Slay+5}
SInv    .            (boots unavailable)
Will    +++++        f - amulet of the Four Winds {rN+ Will+++ Clar}
Stlth   +            W - ring of Mumom {rPois MP+9}
HPRegen 0.37/turn    m - ring of protection from fire
MPRegen 0.27/turn

%: repel missiles, acrobat, clarity
@: brilliant, on berserk cooldown, acrobatic, flying, slowed, very slow
A: beak, talons 3, evasive flight, acrobatic, [low MP 1], [screaming 1], [cold
vulnerability 1], [heat vulnerability 3], [subdued magic 3], [persistent drain]
}: 1/15 runes: serpentine
a: Renounce Religion


You were on level 3 of the Abyss.
You worshipped Vehumet.
Vehumet was exalted by your worship.
You visited 6 branches of the dungeon, and saw 27 of its levels.
You visited the Abyss 1 time.
You also visited: Volcano.

You collected 3841 gold pieces.
You spent 3237 gold pieces at shops.

Inventory:

Hand Weapons
 b - a +1 rapier of speed
Missiles
 v - 13 poisoned darts
 H - 2 curare-tipped darts (quivered)
 O - a throwing net
Armour
 p - the +5 ring mail of Birdsong (worn) {rElec rF- Will+}
   (You found it on level 3 of the Dungeon)

   rF-:       It makes you vulnerable to fire.
   rElec:     It insulates you from electricity.
   Will+:     It increases your willpower.
 u - the +7 chain mail of Gehenna {rF+ rC+ rN+}
   (You found it on level 6 of the Dungeon)

   rF+:       It protects you from fire.
   rC+:       It protects you from cold.
   rN+:       It protects you from negative energy.
 A - +0 steam dragon scales
 D - a +1 buckler of fire resistance (worn)
 K - a scarf of repulsion (worn)
 U - a +1 hat (worn)
 Z - the +3 pair of gauntlets of War (worn) {Slay+5}
   (You bought it in a shop on level 2 of the Orcish Mines)

   Slay+5:    It affects your accuracy & damage with ranged weapons and melee
   (+5).
Magical Staves
 a - a staff of air (weapon)
 s - a staff of cold
Jewellery
 f - the amulet of the Four Winds (around neck) {rN+ Will+++ Clar}
   (You bought it in a shop on level 3 of the Snake Pit)

   [amulet of nothing]

   rN+:       It protects you from negative energy.
   Will+++:   It greatly increases your willpower.
   Clar:      It protects you from confusion, rage, mesmerisation and fear.
 m - a ring of protection from fire (right hand)
 o - a ring of resist corrosion
 x - a ring of wizardry
 C - a ring of ice
 W - the ring of Mumom (left hand) {rPois MP+9}
   (You bought it in a shop on level 2 of the Orcish Mines)

   [ring of magical power]

   rPois:     It protects you from poison MP+9: It affects your magic capacity
   (+9).
Wands
 G - a wand of digging (19)
 L - a wand of polymorph (8)
 M - a wand of acid (33)
 N - a wand of roots (16)
 Q - a wand of paralysis (10)
 V - a wand of mindburst (11)
Scrolls
 e - 4 scrolls of teleportation
 k - 2 scrolls of poison
 n - 9 scrolls of enchant weapon
 q - 3 scrolls of fog
 r - 3 scrolls of immolation
 y - 3 scrolls of enchant armour
 z - 3 scrolls of fear
 E - 4 scrolls of revelation
 I - 2 scrolls of amnesia
 Y - a scroll of silence
Potions
 d - 3 potions of haste
 g - 2 potions of brilliance
 i - 5 potions of mutation
 j - 6 potions of enlightenment
 t - a potion of resistance
 w - 9 potions of curing
 B - 3 potions of might
 F - 6 potions of attraction
 J - 2 potions of ambrosia
 R - a potion of magic
 S - 3 potions of cancellation
 T - 3 potions of lignification
Miscellaneous
 P - a condenser vane (inert)
 X - a lightning rod (4/4)


   Skills:
 + Level 9.5 Fighting
 - Level 2.0 Short Blades
 - Level 6.0 Staves
 + Level 10.3 Armour
 + Level 9.2 Dodging
 - Level 2.0 Stealth
 - Level 6.0 Shields
 + Level 12.9 Spellcasting
 + Level 17.4 Conjurations
 - Level 3.0 Translocations
 + Level 3.9 Fire Magic
 * Level 24.2 Air Magic
 - Level 3.0 Poison Magic
 - Level 3.0 Evocations


You had 3 spell levels left.
You knew the following spells:

 Your Spells              Type           Power      Damage    Failure   Level
a - Shock                 Conj/Air       100%       1d9       0%          1
b - Static Discharge      Conj/Air       100%       3-8/arc   0%          2
c - Airstrike             Air            49%        2d(8-24)  0%          4
d - Poisonous Vapours     Pois/Air       100%       N/A       0%          2
e - Maxwell's Capacitive  Air            49%        ∞         1%          8
f - Sticky Flame          Conj/Fire      50%        2d7       1%          4
g - Conjure Ball Lightni  Conj/Air       46%        3x3d16    1%          6
h - Iskenderun's Mystic   Conj/Tloc      48%        2d11      1%          4
i - Arcjolt               Conj/Air       46%        1d56      0%          5
s - Swiftness             Air            99%        N/A       0%          3

Your spell library contained the following spells:

 Spells                   Type           Power      Damage    Failure   Level
 Ozocubu's Refrigeration  Ice            5%         4d8       100%        7
 Foxfire                  Conj/Fire      100%       2x1d9     0%          1
 Magic Dart               Conj           100%       1d8       0%          1
 Searing Ray              Conj           100%       2d8       0%          2
 Apportation              Tloc           44%        N/A       1%          1
 Momentum Strike          Conj/Tloc      96%        3d10      1%          2
 Scorch                   Fire           52%        2d7       1%          2
 Dazzling Flash           Conj/Hex       86%        N/A       1%          3
 Hailstorm                Conj/Ice       43%        3d9       1%          3
 Volatile Blastmotes      Fire/Tloc      48%        2d14      1%          3
 Blink                    Tloc           44%        N/A       3%          2
 Lesser Beckoning         Tloc           44%        N/A       3%          2
 Necrotise                Necr           44%        1d6       9%          1
 Ensorcelled Hibernation  Hex/Ice        22%        N/A       13%         2
 Jinxbite                 Hex            22%        N/A       13%         2
 Wereblood                Tmut           11%        N/A       13%         2
 Summon Guardian Golem    Hex/Summ       11%        N/A       28%         3
 Vampiric Draining        Necr           11%        2d6       28%         3
 Brom's Barrelling Bould  Conj/Erth      43%        2d6       1%          4
 Flame Wave               Conj/Fire      50%        2d12      1%          4
 Fulminant Prism          Conj/Hex       21%        3d12      1%          4
 Fireball                 Conj/Fire      25%        3d11      1%          5
 Freezing Cloud           Conj/Ice/Air   37%        6-21      1%          5
 Irradiate                Conj/Tmut      21%        3d18      1%          5
 Iskenderun's Battlesphe  Conj           66%        2d12      1%          5
 Orb of Destruction       Conj           33%        9d10      1%          7
 Starburst                Conj/Fire      25%        6d8       4%          6
 Bombard                  Conj/Erth      21%        9d4       12%         6
 Spellforged Servitor     Conj/Summ      21%        N/A       54%         7
 Lee's Rapid Deconstruct  Erth           5%         3d6*      58%         5
 Leda's Liquefaction      Tmut/Erth      5%         N/A       73%         4
 Alistair's Intoxication  Tmut/Pois      11%        N/A       86%         5
 Agony                    Necr           11%        N/A       97%         5
 Summon Cactus Giant      Summ           5%         N/A       100%        6
 Haunt                    Necr/Summ      5%         N/A       100%        7
 Borgnjor's Revivificati  Necr           5%         N/A       100%        8
 Death's Door             Necr           5%         N/A       100%        9


Dungeon Overview and Level Annotations

Branches:
Dungeon (12/15)            Temple (1/1) D:7            Lair (5/5) D:8
 Shoals (3/4) Lair:3        Snake (4/4) Lair:3        Slime (0/5) Lair:4
    Orc (2/2) D:12            Elf (0/3) Orc:2       Volcano (visited)

Altars:
Ashenzari
Cheibriados
Dithmenos
Elyvilon
Fedhas
Gozag
Hepliaklqana
Kikubaaqudgha
Makhleb
Nemelex Xobeh
Okawaru
Qazlal
Ru
Sif Muna
Trog
Uskayaw
Vehumet
Wu Jian
Xom
Yredelemnul
Zin
The Shining One
Jiyva

Shops:
D:4 (   D:8 =*   Orc:2 *[=[((:?[   Snake:1 ==(   Snake:3 =:=


Innate Abilities, Weirdness & Mutations

You have a beak for a mouth.
You have claws for feet.
Your magical flight helps you evade attacks. (EV +4)
You can magically evade attacks while moving or waiting.
[Your magical capacity is low. (-10% MP)]
[You occasionally shout uncontrollably at your foes.]
[You are vulnerable to cold. (rC-)]
[You are extremely vulnerable to heat. (rF---)]
[Your spells are much easier to cast, but much less powerful.]
[Your health recovers twice as slowly from being drained.]


Message History

You feel as though you will be slow longer.
A starcursed mass comes into view.
A small abomination comes into view.
You feel better.
A starcursed mass splits.
The starcursed mass shrieks in your mind.
* * * LOW HITPOINT WARNING * * *
A starcursed mass splits.
Casting: Sticky Flame (safe; 1% risk of failure)
Confirm with . or Enter, or press ? or * to list all spells.
Aiming: Airstrike (safe; 0% risk of failure)
Press: ? - help, Dir - move target, f - small abomination
Aim: a small abomination (wandering, hasn't noticed you, empty space bonus: 6/8)
You feel a strong surge of power!
The air twists around and strikes the small abomination.
The small abomination is moderately damaged.
Casting: Airstrike (safe; 0% risk of failure)
Confirm with . or Enter, or press ? or * to list all spells.
Aiming: Sticky Flame (safe; 1% risk of failure)
Press: ? - help, Shift-Dir - straight line, f/p - small abomination
Aim: a small abomination (moderately damaged)
You feel a surge of power!
The sticky flame hits the small abomination but does no damage.
The small abomination is moderately damaged.
The small abomination is covered in liquid flames!
The small abomination burns! x2; The small abomination hits you.
* * * LOW HITPOINT WARNING * * *
A starcursed mass splits.
The small abomination closely misses you.
A chorus of shrieks assaults your mind.
* * * LOW HITPOINT WARNING * * *
You feel better.
The small abomination burns!
You destroy the small abomination!
Vehumet accepts your kill. The starcursed mass touches you!
* * * LOW HITPOINT WARNING * * *
Your life force feels restored.
Okay, then.
Unknown command.
You block the starcursed mass's attack. A chorus of shrieks assaults your mind.
You die...

# . . X
.#.. ...
. #. #
####
#.##X###
#..@X..#
#...##X#
##..# .#
#..# .
..#. ##
##§#.#
.# #. .
..


You could see 3 starcursed masses.

Vanquished Creatures
  Rupert (Lair:5)
  Mlioglotl (Snake:2)
  A kraken (Shoals:2)
  2 tentacled starspawn (Abyss:3)
  7 nagarajas (Snake:4)
  Louise (Shoals:1)
  A red draconian (Volcano)
  An eidolon (Abyss:3)
  A merfolk javelineer (Shoals:2)
  Josephine (D:10)
  A salamander tyrant (Snake:4)
  3 hydras
  4 centaur warriors
  2 ogre magi
  11 anacondas
  9 death yaks
  4 boulder beetles
  10 two-headed ogres
  2 tengu warriors
  Urug (D:11)
  11 naga sharpshooters
  12 naga warriors
  3 orc high priests (Orc:2)
  3 thrashing horrors (Abyss:3)
  4 shock serpents
  2 salamander mystics (Snake:4)
  3 skysharks
  A wretched star (Abyss:3)
  Nergalle (D:10)
  3 skeletal warriors (D:11)
  An iron troll (D:12)
  Lodul (D:10)
  A goliath frog (Lair:5)
  Amaemon (D:10)
  8 naga ritualists
  7 orc knights
  A deep troll (D:12)
  8 sea snakes
  A deep elf pyromancer (D:11)
  4 orc sorcerers (Orc:2)
  5 harpies (Shoals:1)
  2 oklob plants
  4 cyclopes
  3 salamanders
  10 fauns
  15 mana vipers
  3 ugly things
  5 manticores
  40 black mambas
  8 kobold blastminers (Orc:2)
  20 naga magi
  An orange demon (D:10)
  2 water nymphs (Shoals:2)
  5 merfolk sirens
  4 gargoyles
  19 cane toads
  2 kobold demonologists
  4 unseen horrors
  2 rime drakes
  A yaktaur (D:11)
  Psyche (D:8)
  An efreet (D:11)
  6 komodo dragons
  8 merfolk
  10 trolls
  6 wind drakes
  A hornet (D:11)
  Prince Ribbit (D:7)
  7 snapping turtles
  25 blink frogs
  2 tyrant leeches (Lair:5)
  A shadow (D:12)
  A ynoxinul (Abyss:3)
  6 slime creatures (D:12)
  A human (D:3)
  A water elemental (Shoals:1)
  6 wraiths
  51 yaks
  7 wyverns
  4 steam dragons
  5 basilisks
  3 fire bats (Volcano)
  7 vampire mosquitoes
  2 small abominations (Abyss:3)
  2 wargs
  51 nagas
  2 acid dragons (D:11)
  6 water moccasins
  A sky beast (D:7)
  15 orc warriors
  A black bear (Lair:3)
  3 ice beasts
  12 ogres
  4 wolves (Lair:2)
  10 centaurs
  2 starcursed masses (Abyss:3)
  14 bullfrogs
  2 kobold brigands
  3 scorpions
  A gnoll sergeant (D:9)
  19 wights
  7 killer bees
  2 howler monkeys
  4 electric eels
  5 lava snakes (Volcano)
  A gnoll bouda (D:5)
  18 orc priests
  2 jellies
  4 iguanas
  22 orc wizards
  A sleepcap (D:4)
  2 human simulacra (D:11)
  18 gnolls
  10 adders
  A shadow imp (D:6)
  2 ufetubi (D:6)
  3 dart slugs
  70 orcs
  11 endoplasms
  2 giant cockroaches (D:2)
  5 goblins
  2 hobgoblins
  11 kobolds
  2 quokkas
  6 ball pythons
  3 bats (D:1)
  A frilled lizard (D:3)
  A kobold skeleton (D:3)
  4 rats
  5 starspawn tentacles (Abyss:3)
831 creatures vanquished.

Vanquished Creatures (collateral kills)
  A komodo dragon (Lair:3)
  3 blink frogs (Lair:3)
  A dream sheep (Lair:3)
  4 yaks (Lair:3)
  A water moccasin (Lair:3)
  15 ball lightnings
25 creatures vanquished.

Vanquished Creatures (others)
  An orc wizard (D:11)
  265 ball lightnings
  9 starspawn tentacles (Abyss:3)
275 creatures vanquished.

Grand Total: 1131 creatures vanquished

Notes
Turn   | Place    | Note
-------+----------+-------------------------------------------
     0 | D:1      | Lobster4 the Tengu Air Elementalist began the quest for the
                  | Orb.
     0 | D:1      | Reached XP level 1. HP: 10/10 MP: 4/4
   262 | D:1      | Reached XP level 2. HP: 15/15 MP: 1/6
   343 | D:1      | Learned a level 2 spell: Static Discharge
  1028 | D:2      | Reached skill level 1 in Armour
  1045 | D:2      | Found a faded altar of an unknown god.
  1052 | D:2      | Reached XP level 3. HP: 19/19 MP: 4/7
  1586 | D:2      | Reached skill level 5 in Air Magic
  2344 | D:3      | Learned a level 3 spell: Swiftness
  2348 | D:3      | Identified the +5 ring mail of Birdsong {rElec rF- Will+}
  2421 | D:3      | Reached XP level 4. HP: 24/24 MP: 4/8
  2457 | D:3      | Found a runed translucent door.
  2458 | D:3      | Noticed a human
  2459 | D:3      | Found a basalt altar of Yredelemnul.
  2654 | D:3      | Found a glowing golden altar of the Shining One.
  2654 | D:3      | Found an iron altar of Okawaru.
  2756 | D:3      | Found a sacrificial altar of Ru.
  3238 | D:4      | You fall into a shaft and drop 3 floors!
  3308 | D:6      | Identified the +7 chain mail of Gehenna {rF+ rC+ rN+}
  3315 | D:5      | Entered Level 5 of the Dungeon
  3431 | D:5      | Noticed a scorpion
  3440 | D:5      | Killed a scorpion
  3441 | D:5      | Reached XP level 5. HP: 28/28 MP: 5/10
  3592 | D:4      | Found Cuijig Opua's Weapon Shop.
  3597 | D:4      | Reached skill level 1 in Short Blades
  3597 | D:4      | Reached skill level 1 in Shields
  4020 | D:4      | Noticed an ogre
  4245 | D:5      | Noticed an orc warrior
  4283 | D:4      | Identified the +3 ring mail of Noibuasmu {+Blink +Inv}
  4366 | D:4      | Reached skill level 6 in Air Magic
  4366 | D:4      | Reached XP level 6. HP: 31/32 MP: 2/11
  4468 | D:4      | Found an opulent altar of Gozag.
  5475 | D:5      | Gained mutation: Your magical flight helps you evade
                  | attacks. (EV +4) [Tengu growth]
  5475 | D:5      | Reached XP level 7. HP: 25/36 MP: 3/12
  5607 | D:5      | Learned a level 4 spell: Airstrike
  6080 | D:5      | Reached skill level 7 in Air Magic
  6722 | D:6      | Reached XP level 8. HP: 41/41 MP: 10/14
  6811 | D:6      | Reached skill level 8 in Air Magic
  7135 | D:6      | Reached skill level 5 in Conjurations
  7772 | D:7      | Reached skill level 9 in Air Magic
  7846 | D:7      | Found a staircase to the Ecumenical Temple.
  7859 | Temple   | Entered the Ecumenical Temple
  7886 | Temple   | Became a worshipper of Vehumet
  8257 | D:7      | Noticed Prince Ribbit
  8292 | D:7      | Reached XP level 9. HP: 46/46 MP: 9/16
  8374 | D:7      | Reached skill level 1 in Fighting
  8374 | D:7      | Reached skill level 1 in Evocations
  8583 | D:7      | Reached skill level 5 in Armour
  9289 | D:8      | Reached * piety under Vehumet
  9289 | D:8      | Offered knowledge of Sandblast by Vehumet.
  9370 | D:8      | Found Hukiguits's Jewellery Shoppe.
  9448 | D:8      | Noticed a green ugly thing
  9449 | D:8      | Noticed a cyclops
  9450 | D:8      | Noticed a tengu warrior
  9471 | D:8      | Reached skill level 10 in Air Magic
  9942 | D:8      | Noticed a centaur warrior
 10057 | D:8      | Noticed a red ugly thing
 10058 | D:8      | Noticed a two-headed ogre
 10094 | D:8      | Found Qyhodo's Fire Supplies.
 10331 | D:8      | Reached skill level 5 in Spellcasting
 10402 | D:8      | Found a staircase to the Lair.
 10788 | D:8      | Noticed Psyche
 10882 | D:9      | Identified the amulet of Kubun {Acrobat *Corrode Will+
                  | Str+3 Int+2}
 10918 | D:9      | Identified a scroll of acquirement
 10918 | D:9      | Acquired Simple Mysticism
 10923 | D:9      | Learned a level 2 spell: Poisonous Vapours
 10926 | D:9      | Learned a level 2 spell: Searing Ray
 11055 | D:9      | Reached XP level 10. HP: 54/54 MP: 8/18
 11448 | D:9      | Reached skill level 11 in Air Magic
 11600 | D:9      | Found a glowing silver altar of Zin.
 11745 | D:9      | Reached skill level 5 in Shields
 11927 | D:9      | Reached ** piety under Vehumet
 12004 | D:9      | Offered knowledge of Foxfire by Vehumet.
 12429 | D:7      | Killed Prince Ribbit
 12586 | D:8      | Killed Psyche
 12806 | D:8      | Upgraded the game from 0.31-a0-1278-g11c5b68f87 to
                  | 0.31-a0-1300-gb6740aa4e6
 12948 | D:10     | Entered Level 10 of the Dungeon
 13050 | D:10     | Found a bloodstained altar of Trog.
 13130 | D:10     | Noticed Lodul
 13314 | D:10     | Noticed a cyclops
 13402 | D:10     | Noticed Josephine
 13568 | D:10     | Reached skill level 1 in Poison Magic
 13616 | D:10     | Noticed a kobold demonologist
 13641 | D:10     | Killed a kobold demonologist
 13698 | D:10     | Reached skill level 12 in Air Magic
 13896 | D:10     | Noticed a gargoyle
 13899 | D:10     | Killed a gargoyle
 13986 | D:10     | Killed an unseen horror
 14260 | D:10     | Noticed an orange demon
 14262 | D:10     | Noticed Amaemon
 14266 | D:10     | Killed an orange demon
 14267 | D:10     | Reached XP level 11. HP: 48/61 MP: 7/21
 14277 | D:10     | Killed Amaemon
 14388 | D:10     | Killed Lodul
 14641 | D:10     | Offered knowledge of Momentum Strike by Vehumet.
 14741 | D:10     | Killed a cyclops
 14865 | D:10     | Noticed Nergalle
 14869 | D:10     | Killed Nergalle
 14870 | D:10     | Reached skill level 13 in Air Magic
 14962 | D:10     | Found a stormy altar of Qazlal.
 14999 | D:10     | Noticed a centaur warrior
 15378 | D:10     | Killed a centaur warrior
 15469 | D:10     | Reached *** piety under Vehumet
 15775 | D:11     | Reached skill level 5 in Fighting
 16039 | D:11     | Noticed a skeletal warrior
 16039 | D:11     | Noticed a skeletal warrior
 16039 | D:11     | Noticed a skeletal warrior
 16198 | Lair:1   | Entered Level 1 of the Lair of Beasts
 16388 | D:8      | Offered knowledge of Iskenderun's Mystic Blast by Vehumet.
 16389 | D:8      | Reached skill level 5 in Dodging
 16418 | Lair:1   | Learned a level 4 spell: Iskenderun's Mystic Blast
 16540 | Lair:1   | Reached skill level 14 in Air Magic
 16798 | Lair:1   | Reached XP level 12. HP: 68/68 MP: 14/23
 16939 | Lair:1   | Reached skill level 1 in Translocations
 17981 | Lair:2   | Reached skill level 10 in Conjurations
 18062 | Lair:2   | Reached **** piety under Vehumet
 18688 | Lair:2   | Noticed an eight-headed hydra
 18691 | Lair:2   | Killed an eight-headed hydra
 18691 | Lair:2   | Offered knowledge of Sticky Flame by Vehumet.
 18773 | Lair:2   | Learned a level 4 spell: Sticky Flame
 19100 | Lair:2   | Reached skill level 15 in Air Magic
 19109 | Lair:2   | Reached skill level 1 in Fire Magic
 19320 | Lair:2   | You are sucked into a shaft and drop 1 floor!
 19361 | Lair:3   | Noticed a four-headed hydra
 20101 | Lair:2   | Killed a four-headed hydra
 20209 | Lair:3   | Found a staircase to the Snake Pit.
 20242 | Lair:3   | Reached XP level 13. HP: 73/74 MP: 3/25
 20388 | Lair:3   | Found a staircase to the Shoals.
 21208 | Lair:3   | Reached skill level 16 in Air Magic
 21249 | Lair:3   | Reached ***** piety under Vehumet
 21249 | Lair:3   | Offered knowledge of Conjure Ball Lightning by Vehumet.
 21257 | Lair:3   | Learned a level 6 spell: Conjure Ball Lightning
 22324 | Lair:4   | Found a viscous altar of Jiyva.
 22324 | Lair:4   | Found a staircase to the Slime Pits.
 23335 | Lair:5   | Entered Level 5 of the Lair of Beasts
 23537 | Lair:5   | Noticed Rupert
 23553 | Lair:5   | Killed Rupert
 23554 | Lair:5   | Reached skill level 17 in Air Magic
 23913 | Lair:5   | Found a dark tunnel.
 23922 | Volcano  | Entered a volcano
 24407 | Volcano  | Noticed a red draconian
 24451 | Volcano  | Killed a red draconian
 24452 | Volcano  | Reached skill level 10 in Armour
 24452 | Volcano  | Reached XP level 14. HP: 47/80 MP: 11/28
 24867 | Volcano  | Found a burning altar of Makhleb.
 25266 | Lair:5   | Reached skill level 18 in Air Magic
 26723 | Lair:5   | Offered knowledge of Arcjolt by Vehumet.
 27147 | D:8      | Reached skill level 19 in Air Magic
 27565 | D:8      | Identified the +3 broad axe of Zozydgha {vamp, rCorr Int-5
                  | Dex+2}
 27880 | D:10     | Reached skill level 10 in Spellcasting
 27955 | D:10     | Found a bloodstained altar of Trog.
 28017 | D:10     | Found a stormy altar of Qazlal.
 28055 | D:10     | Killed Josephine
 28671 | D:11     | Learned a level 5 spell: Arcjolt
 29056 | D:11     | Noticed Urug
 29074 | D:11     | Killed Urug
 29918 | D:11     | Reached XP level 15. HP: 84/84 MP: 19/30
 29925 | D:11     | Reached skill level 20 in Air Magic
 30165 | D:11     | Acquired the Tractate on Bombardment
 30167 | D:11     | Acquired a staff of air
 30845 | D:12     | Reached skill level 1 in Staves
 31815 | D:12     | Found a staircase to the Orcish Mines.
 33129 | Orc:1    | Entered Level 1 of the Orcish Mines
 33447 | Orc:2    | Entered Level 2 of the Orcish Mines
 34153 | Orc:2    | Found Miukkot's Antique Armour Boutique.
 34165 | Orc:2    | Bought a runed hat for 161 gold pieces
 34403 | Orc:2    | Found Kuff's Antique Weapon Emporium.
 34413 | Orc:2    | Found Myaroter's Weapon Boutique.
 34457 | Orc:2    | Offered knowledge of Yara's Violent Unravelling by Vehumet.
 34471 | Orc:2    | Reached skill level 21 in Air Magic
 34666 | Orc:2    | Found Emupupt's Book Emporium.
 34708 | Orc:2    | Reached skill level 15 in Conjurations
 34868 | Orc:2    | Found a staircase to the Elven Halls.
 35187 | Orc:2    | Found Kuarih's Magic Scroll Emporium.
 35815 | Orc:2    | Found Nyugreh's Assorted Antiques.
 35815 | Orc:2    | Found Tuus's Antique Armour Boutique.
 35817 | Orc:2    | Found Buckuxyo's Jewellery Shoppe.
 35817 | Orc:2    | Found Naulejon's Armour Boutique.
 35834 | Orc:2    | Bought a glowing emerald potion for 27 gold pieces
 35835 | Orc:2    | Reached skill level 5 in Staves
 35835 | Orc:2    | Reached XP level 16. HP: 90/90 MP: 32/32
 35938 | Orc:2    | Bought a scroll of identify for 28 gold pieces
 36011 | Orc:2    | Bought a scroll labelled SYEGION SAXEIF for 31 gold pieces
 36014 | Orc:2    | Bought the ring of Mumom {rPois MP+9} for 343 gold pieces
 36091 | Orc:2    | Bought a scroll of acquirement for 728 gold pieces
 36091 | Orc:2    | Acquired 514 gold pieces
 36168 | Orc:2    | Bought the +3 pair of gauntlets of War {Slay+5} for 617
                  | gold pieces
 36168 | Orc:2    | Found the +3 pair of gauntlets of War {Slay+5}
 36400 | Snake:1  | Entered Level 1 of the Snake Pit
 36608 | Orc:2    | Bought a scroll of identify for 28 gold pieces
 36797 | Shoals:1 | Entered Level 1 of the Shoals
 37124 | Snake:1  | Found Saem's Jewellery Emporium.
 37570 | Snake:1  | Identified the +1 leather armour of Ignis's Approval
                  | {Int+4}
 37952 | Snake:1  | Reached XP level 17. HP: 94/95 MP: 33/33
 37986 | Snake:1  | Learned a level 8 spell: Maxwell's Capacitive Coupling
 38223 | Snake:1  | Found Touttyt's Jewellery Emporium.
 38342 | Snake:1  | Found Qoizudaca's Antique Weapon Boutique.
 38451 | Snake:1  | Reached skill level 22 in Air Magic
 39320 | Snake:2  | Offered knowledge of Eringya's Noxious Bog by Vehumet.
 39984 | Snake:2  | Noticed Mlioglotl
 39988 | Snake:2  | Killed Mlioglotl
 41937 | Snake:3  | Found Joatubuq's Book Shoppe.
 41938 | Snake:3  | Found Hutyubelu's Jewellery Boutique.
 41938 | Snake:3  | Found Cafuis's Jewellery Boutique.
 41954 | Snake:3  | Bought the amulet of the Four Winds {rN+ Will+++ Clar} for
                  | 1274 gold pieces
 41954 | Snake:3  | Found the amulet of the Four Winds {rN+ Will+++ Clar}
 42136 | Snake:4  | Entered Level 4 of the Snake Pit
 42144 | Snake:4  | Reached skill level 23 in Air Magic
 42697 | Snake:4  | Offered knowledge of Plasma Beam by Vehumet.
 42931 | Snake:4  | Reached XP level 18. HP: 99/104 MP: 20/35
 44224 | Snake:4  | Got a serpentine rune of Zot
 44383 | Shoals:1 | Noticed Louise
 44384 | Shoals:1 | HP: 5/104 [spore (6)]
 44384 | Shoals:1 | Killed Louise
 45563 | Shoals:1 | Identified the +0 leather armour of Discretion {rElec rCorr
                  | Slay+5}
 46094 | Shoals:2 | Reached ****** piety under Vehumet
 46251 | Shoals:2 | Reached skill level 24 in Air Magic
 46785 | Shoals:2 | Offered knowledge of Ozocubu's Refrigeration by Vehumet.
 46906 | Shoals:2 | Identified the +5 spear of the Stork {heavy, +Blink rF+
                  | Will+}
 47474 | Abyss:3  | Cast into level 3 of the Abyss (merfolk)
 47610 | Abyss:3  | Found a corrupted altar of Lugonu.
 47612 | Abyss:3  | Found a corrupted altar of Lugonu.
 47623 | Abyss:3  | HP: 4/106 [oklob plant/splash of acid (9)]
 47668 | Abyss:3  | HP: 3/105 [starcursed mass (10)]
 47669 | Abyss:3  | Killed from afar by a starcursed mass

Illustrated notes

Levels and vault maps discovered:
D:1:      lemuel_arrival_cross, layout_loops_cross
D:2:      layout_basic, dreamdust_ecumenical_altar_statues
D:3:      layout_rooms, mainiacjoe_overflow_boulevard, dk_yredelemnul_ordeal,
          mainiacjoe_overflow_large_starburst, moated_statue
D:4:      layout_loops_cross, mainiacjoe_overflow_six_doors_small, serial_shops,
          nicolae_shop_bloodbath_and_beyond, sigmund_army
D:5:      layout_rooms
D:6:      layout_loops_cross, hangedman_decor_opposing
D:7:      layout_basic, minmay_temple_entry_glassed_door, hex_intersection,
          uniq_prince_ribbit1
D:8:      layout_cave_pods, lair_entry_dummy, serial_column_ruins,
          column_ruins_open_tiny, column_ruins_grid_1,
          column_ruins_corridor_straight, column_ruins_grid_4,
          column_ruins_grid_2, serial_shops, nicolae_stop_n_shop_2,
          nicolae_shop_fire_sale [nicolae_sub_dead_trees],
          kennysheep_pointless_box, kennysheep_donut, grunt_decor_one_mirror,
          onia_ninara_dug_in_and_dangerous, uniq_psyche
D:9:      layout_roguey, zin_statuary
D:10:     layout_irregular_city, mainiacjoe_overflow_cross_hatched, bloody_trog,
          minmay_quadrilaterals, uniq_josephine, uniq_nergalle, uniq_lodul,
          uniq_amaemon
D:11:     hangedman_cross_cluster, layout_rooms, bh_circular_ruins, uniq_urug
D:12:     lemuel_troll_bridge, layout_layer_cave, david_orc_2
Temple:   jpeg_temple_clearing
Lair:1:   layout_regular_city
Lair:2:   layout_cave_pods, columned_hall_lemuel
Lair:3:   layout_gridlike, minmay_shoals_entry_beasts,
          minmay_snake_entry_guardpost_small, beast_lair_carwin_9,
          infiniplex_staircase_pool_2
Lair:4:   layout_concentric_octagons, slime_entry_1
Lair:5:   minmay_lair_end_frog_pond, layout_hall_layers, enter_volcano_1,
          uniq_rupert
Shoals:1: layout_shoals, nicolae_shoals_circle_sea_wall, uniq_louise
Shoals:2: layout_shoals
Shoals:3: layout_shoals, nicolae_shoals_water_elemental_grotto
Snake:1:  layout_basic, serial_shops, shop, shop, nicolae_shop_rolling_square
Snake:2:  layout_onion, nicolae_snake_gridmaze_tees, uniq_mlioglotl
Snake:3:  layout_onion_interference, nicolae_snake_single_loop,
          minmay_shop_grove
Snake:4:  minmay_snake_end_coiled, layout_misc_corridors, serial_bayou_shore_b,
          grunt_megastairs_3
Orc:1:    layout_caves, basic_altar
Orc:2:    grunt_orc_tribal_feast, layout_diamond_mine, serial_shops,
          shop_statue, shop, nicolae_shop_trees, nicolae_shop_rolling_square,
          nicolae_shop_behind_doors, nicolae_orc_lava_room
Abyss:3:  base: Snake:3, lemuel_firewalk_3, evilmike_abyss_exit_3,
          hangedman_abyss_shoalhut, spicy_pingpong_abyss_rune

Skill      XL: |  1  2  3  4  5  6  7  8  9 10 11 12 13 14 15 16 17 18 |
---------------+-------------------------------------------------------+-----
Conjurations   | 2 3 4 5 6 8 9 10 12 14 15 16 17 | 17.4
Armour         | 1 2 3 4 5 6 7 8 10 | 10.3
Air Magic      | 5 6 7 9 10 12 14 15 17 19 21 23 24 | 24.2
Short Blades   | 1 2 |  2.0
Shields        | 1 2 3 4 5 6 |  6.0
Spellcasting   | 3 4 5 6 7 9 10 11 12 | 12.9
Fighting       | 2 4 5 6 8 9 |  9.5
Evocations     | 2 3 |  3.0
Dodging        | 3 5 7 9 |  9.2
Poison Magic   | 2 3 |  3.0
Translocations | 3 |  3.0
Fire Magic     | 2 3 |  3.9
Staves         | 5 6 |  6.0
Stealth        | |  2.0

Action                     |  1- 3 |  4- 6 |  7- 9 | 10-12 | 13-15 | 16-18 || total
---------------------------+-------+-------+-------+-------+-------+-------++-------
  Melee: Short sword       |     2 |       |       |       |       |       ||     2
         Unarmed           |       |     2 |       |       |       |       ||     2
         Rapier            |       |       |     6 |    19 |   125 |       ||   150
         Kick              |       |       |     3 |     5 |    57 |    17 ||    82
         Peck              |       |       |     1 |     6 |    39 |    14 ||    60
         Staff             |       |       |       |       |     7 |    40 ||    47
  Throw: Dart              |       |     2 |     1 |       |       |       ||     3
   Cast: Shock             |    72 |   122 |   194 |   151 |    42 |       ||   581
         Static Discharge  |       |     4 |    32 |    67 |    64 |     4 ||   171
         Swiftness         |       |     1 |       |       |       |       ||     1
         Airstrike         |       |       |    26 |   183 |   359 |   335 ||   903
         Searing Ray       |       |       |     1 |     3 |       |       ||     4
         Poisonous Vapours |       |       |       |     1 |    45 |       ||    46
         Sticky Flame      |       |       |       |     1 |    11 |    26 ||    38
         Iskenderun's Myst |       |       |       |       |    14 |     5 ||    19
         Conjure Ball Ligh |       |       |       |       |    53 |    71 ||   124
         Arcjolt           |       |       |       |       |     2 |    11 ||    13
         Maxwell's Capacit |       |       |       |       |       |    18 ||    18
  Evoke: Wand              |       |       |       |    17 |     9 |     2 ||    28
         Condenser vane    |       |       |       |       |     1 |     1 ||     2
    Use: Scroll            |       |     7 |     5 |     7 |    15 |    10 ||    44
         Potion            |       |     1 |       |       |     6 |     9 ||    16
   Stab: Sleeping          |       |       |     1 |       |       |       ||     1
 Armour: Robe              |     4 |    23 |    39 |       |       |       ||    66
         Skin              |       |     1 |       |       |       |       ||     1
         Steam dragon scal |       |       |    36 |    55 |       |       ||    91
         Chain mail        |       |       |       |   100 |    55 |       ||   155
         Ring mail         |       |       |       |       |   295 |   181 ||   476
  Dodge: Dodged            |     8 |    21 |    64 |    88 |   226 |   185 ||   592
         Repelled          |       |       |       |       |       |    20 ||    20
  Block: Buckler           |       |       |       |    22 |    61 |    51 ||   134

Table legend: (Time is in decaauts)
 A = Elapsed time spent in this place.
 B = Non-inter-level travel time spent in this place.
 C = Inter-level travel time spent in this place.
 D = Time resting spent in this place.
 E = Time spent auto-exploring this place.
 F = Levels seen in this place.
 G = Mean time per level.
                   A        B        C        D        E       F      G
               +--------+--------+--------+--------+--------+-----+--------+
         Total |  47678 |  44480 |   3198 |  14759 |  22251 |  29 | 1644.1 |
       Dungeon |  22684 |  20870 |   1814 |   6964 |  10363 |  12 | 1890.3 |
        Temple |     54 |      2 |     52 |      0 |      0 |   1 |   54.0 |
          Lair |  10422 |   9939 |    483 |   3372 |   5128 |   5 | 2084.4 |
        Shoals |   2644 |   2586 |     58 |    363 |   1930 |   3 |  881.3 |
     Snake Pit |   7391 |   7036 |    355 |   2452 |   3332 |   4 | 1847.8 |
  Orcish Mines |   3158 |   2724 |    434 |    942 |   1343 |   2 | 1579.0 |
         Abyss |    199 |    199 |      0 |     74 |      0 |   1 |  199.0 |
       Volcano |   1122 |   1122 |      0 |    592 |    155 |   1 | 1122.0 |
               +--------+--------+--------+--------+--------+-----+--------+

Top non-repeatable levels by time:
    D:10: 3578 daAuts
    D:12: 2614 daAuts
     D:8: 2536 daAuts
  Lair:3: 2525 daAuts
   Orc:2: 2433 daAuts
    D:11: 2352 daAuts
     D:7: 2160 daAuts
  Lair:2: 2093 daAuts
  Lair:5: 2060 daAuts
 Snake:2: 2033 daAuts
  Lair:1: 2026 daAuts
 Snake:4: 2011 daAuts
 Snake:1: 1886 daAuts
  Lair:4: 1718 daAuts
     D:4: 1644 daAuts
